 Dungeon Crawl Stone Soup version 0.19.0 (webtiles) character file.

104 CanadianGator the Skirmisher (level 4, -6/37 HPs)
             Began as a Demonspawn Abyssal Knight on Nov 17, 2016.
             Was a Believer of Lugonu.
             Mangled by Killer1's ghost (15 damage)
             ... on level 3 of the Dungeon.
             The game lasted 00:05:25 (2162 turns).

CanadianGator the Skirmisher (DsAK)                 Turns: 2162, Time: 00:05:26

Health: -6/37      AC:  7    Str: 12    XL:     4   Next: 52%
Magic:  6/6        EV: 10    Int: 14    God:    Lugonu [**....]
Gold:   32         SH:  4    Dex: 13    Spells: 0 memorised, 3 levels left

rFire  . . .     SeeInvis .     a - +1 falchion
rCold  . . .     Gourm    .     l - +0 ring mail
rNeg   . . .     Faith    .     (no shield)
rPois  .         Spirit   .     h - +1 helmet
rElec  .         Reflect  .     (no cloak)
rCorr  .         Harm     .     (no gloves)
MR     .....                    (no boots)
Stlth  +.........               (no amulet)
                                (no ring)
                                (no ring)

@: no status effects
A: talons 1, large bone plates 1
a: Depart the Abyss, Bend Space, Renounce Religion


You were on level 3 of the Dungeon.
You worshipped Lugonu.
Lugonu was pleased with you.
You were not hungry.

You visited 1 branch of the dungeon, and saw 3 of its levels.
You visited the Abyss 1 time.

You collected 32 gold pieces.

Inventory:

Hand Weapons
 a - a +1 falchion (weapon)
 e - a cursed -3 dagger
Armour
 b - a +0 leather armour
 h - a +1 helmet (worn)
 l - a +0 ring mail (worn)
Wands
 g - a wand of teleportation (4/9)
Scrolls
 d - 4 scrolls of remove curse {unknown}
 f - a scroll of enchant armour
Comestibles
 c - 3 bread rations
 i - a meat ration


   Skills:
 + Level 3.9 Fighting
 + Level 2.5 Long Blades
 + Level 2.4 Armour
 + Level 1.4 Dodging
 + Level 3.3 Invocations


You had 3 spell levels left.
You didn't know any spells.

Dungeon Overview and Level Annotations

Branches:
Dungeon (3/15)

Altars:

Annotations:
D:3 Killer1's ghost, amateur CeBe


Innate Abilities, Weirdness & Mutations

You have sharp toenails.
You are partially covered in large bone plates. (SH +4)


Message History

The hobgoblin hits you but does no damage.
You hit the hobgoblin.
You kill the hobgoblin!
Lugonu accepts your kill.
Killer1's ghost (amateur Centaur Berserker) comes into view.
Killer1's ghost is nearby!
You aren't carrying any potions.
Unknown command.
As you read the scroll labeled DAETIE URHYRANG, it crumbles to dust.
The scroll dissolves into smoke.
It was a scroll of fog.
You hit Killer1's ghost but do no damage.
Killer1's ghost hits you. Killer1's ghost hits you!
You hit Killer1's ghost.
Killer1's ghost is lightly damaged.
Killer1's ghost hits you!
* * * LOW HITPOINT WARNING * * *
You hit Killer1's ghost but do no damage.
Killer1's ghost is lightly damaged.
Killer1's ghost hits you!
You die...

# #. #####§#
.....§W## #
#@####.# #.
#§§§...#
#.###§######
#...## ##<##
#.# #.# #.#
#.#


You could see Killer1's ghost.

Vanquished Creatures
  Robin (D:2)
  2 adders (D:2)
  A worm (D:2)
  3 dart slugs
  3 leopard geckos
  3 giant cockroaches
  15 goblins
  4 hobgoblins
  2 jackals (D:1)
  A quokka (D:2)
  A ball python (D:1)
  4 bats
  3 frilled lizards
  13 kobolds
  3 rats (D:2)
59 creatures vanquished.

Notes
Turn   | Place    | Note
-------+----------+-------------------------------------------
     0 | Abyss:1  | CanadianGator the Demonspawn Abyssal Knight began the quest for the Orb.
     0 | Abyss:1  | Reached XP level 1. HP: 18/18 MP: 2/2
     0 | D:1      | Escaped the Abyss
   275 | D:1      | Reached * piety under Lugonu
   281 | D:1      | Gained mutation: You have sharp toenails. [demonic ancestry]
   281 | D:1      | Reached XP level 2. HP: 17/24 MP: 4/4
   370 | D:1      | Reached skill level 1 in Dodging
   916 | D:1      | Gained mutation: You are partially covered in large bone plates. (SH +4) [demonic ancestry]
   916 | D:1      | Reached XP level 3. HP: 22/29 MP: 5/5
  1120 | D:2      | Noticed Robin
  1494 | D:2      | Reached ** piety under Lugonu
  1495 | D:2      | Killed Robin
  1495 | D:2      | Reached XP level 4. HP: 23/36 MP: 6/6
  2159 | D:3      | Noticed Killer1's ghost (amateur CeBe)
  2162 | D:3      | Mangled by Killer1's ghost

Skill      XL: |  1  2  3 |
---------------+----------+-----
Dodging        | 1 |  1.4
Long Blades    | 2 |  2.5
Armour         | 2 |  2.4
Invocations    | 3 |  3.3
Fighting       | |  3.9

Action                   |  1- 3 |  4- 6 || total
-------------------------+-------+-------++-------
Melee: Falchion          |    97 |    48 ||   145
       Kick              |    24 |    13 ||    37
Invok: Depart the Abyss  |     1 |       ||     1
  Use: Scroll            |     3 |     1 ||     4
       Potion            |     2 |       ||     2
  Eat: Chunk             |     2 |     2 ||     4
Armor: Leather armour    |    26 |     7 ||    33
       Ring mail         |       |     1 ||     1
Dodge: Dodged            |    94 |    24 ||   118
Block: Other             |    18 |     9 ||    27
       Rpst.: Falchion   |    34 |     9 ||    43
